[Event "37th Belgrade Trophy 2024"]
[Site "Belgrade"]
[Date "2024.11.23"]
[Round "7"]
[White "Xie, Jianjun"]
[Black "Zmijanac, Dusko"]
[Result "1-0"]
[ECO "C14"]
[WhiteElo "2361"]
[BlackElo "2033"]
[Annotator "TA"]
[PlyCount "109"]
[EventDate "2024.11.23"]
[EventCountry "SRB"]
[SourceTitle "playchess.com"]
[Source "ChessBase"]
[SourceQuality "1"]
[TimeControl "40/5400+30:900+30"]

1. e4 e6 2. d4 d5 3. Nc3 Nf6 4. Bg5 Be7 5. e5 Nfd7 6. h4 h6 7. Bxe7 Qxe7 8. f4 a6 9. Qg4 f5 10. exf6 Nxf6 {White is slightly better.} 11. Qg6+ Qf7 12. Qxf7+ Kxf7 13. Nf3 Rf8 14. Ne5+ Kg8 15. g3 c5 16. dxc5 Nc6 17. Nxc6 bxc6 18. O-O-O a5 19. Bh3 Re8 20. Rde1 a4 21. Re5 Kf7 {[#]} 22. Rhe1 $1 {White is much more active.} Ra5 23. a3 g6 24. Nd1 Rxc5 25. Nf2 Bd7 (25... Rb5 $16 {is a better defense.}) 26. Nd3 $18 Rc4 27. R5e3 (27. Bg2 $18) 27... Re4 $16 28. Ne5+ (28. Nc5 $16 Rxe3 29. Rxe3) 28... Ke7 $14 29. Nxg6+ Kd6 30. Ne5 $36 {[%mdl 2048] Nf7+ is the strong threat. Black is under pressure.} Rg8 31. Bg2 Rxe3 32. Rxe3 Nh5 {[#] White leaves nothing to chance now.} (32... d4 $14 33. Rd3 c5) 33. Nxd7 $1 $16 (33. Nf7+ Ke7 34. Nxh6 Rg6 35. Nf5+ Kf6 $17) 33... Kxd7 {[%mdl 4096] Endgame. KRB-KRN} 34. Bh3 Rxg3 (34... Re8 $16 {might work better.}) 35. Bxe6+ $18 (35. Rxe6 $2 {loses.} Rxh3 36. Rxh6 Nxf4 (36... Rxh4 $2 37. Rh7+ Ke6 38. Rh6+ Kf5 39. Rxc6 $19) 37. Rh7+ Kd6 $19) 35... Kd6 36. Rxg3 Nxg3 {KB-KN} 37. Bg4 h5 (37... Nf1 {was necessary.} 38. b3 axb3) 38. Bf3 Nf5 (38... Ke6 $142 39. Kd2 Nf5) 39. Bxh5 Nxh4 40. Kd2 Ng2 41. f5 c5 $2 (41... Ke7 42. b3 d4 43. bxa4 Ne3) 42. Be8 Ke5 (42... Nh4 $142 43. f6 (43. Bxa4 Nxf5 44. Be8 Nh4 $15) 43... Nf5) 43. Bxa4 Kxf5 44. Bc6 Ke5 45. c4 Nf4 46. cxd5 {White mates.} Kd4 47. a4 c4 48. a5 Kc5 49. a6 Kb6 50. Bb7 Nd3 51. Kc3 Ne5 52. d6 Nf7 53. d7 (53. Kxc4 Nxd6+ 54. Kd4 Nf5+ 55. Kc3 Nd6 $14) 53... Kc7 54. Bd5 Nd6 55. Kb4 {Weighted Error Value: White=0.07 (flawless) /Black=0.38.  Mistake:       	White=2     	Black=8      Inaccurate:     	---       	Black=2      OK:         	White=18    	Black=9      Best:        	White=4     	Black=5      Strong:       	White=2     	---} 1-0

[Event "37th Belgrade Trophy 2024"]
[Site "Belgrade"]
[Date "2024.11.23"]
[Round "7"]
[White "Dimitrijevic, Dusan"]
[Black "Taskovic, Stefan"]
[Result "1/2-1/2"]
[ECO "A30"]
[WhiteElo "2079"]
[BlackElo "1911"]
[Annotator "NA RC"]
[PlyCount "110"]
[EventDate "2024.11.23"]
[EventCountry "SRB"]
[SourceTitle "playchess.com"]
[Source "ChessBase"]
[SourceQuality "1"]
[TimeControl "40/5400+30:900+30"]

1. Nf3 Nf6 2. g3 b6 3. Bg2 Bb7 4. O-O e6 5. c4 c5 6. Nc3 Be7 7. Re1 O-O 8. e4 d6 9. d4 cxd4 10. Nxd4 Qd7 11. b3 Nc6 12. Nf3 Rfd8 13. Bb2 Ng4 14. Qe2 Bf6 15. Rad1 a6 16. Rd2 Qc7 17. Red1 Nge5 18. Nxe5 dxe5 19. Rxd8+ Rxd8 20. Rxd8+ Qxd8 21. Qd1 Nd4 22. Kf1 Be7 23. Ne2 Nc6 24. Qxd8+ Bxd8 25. Nc1 Be7 26. Nd3 f6 27. f4 exf4 28. gxf4 Nb4 29. Nxb4 Bxb4 30. e5 Bxg2+ 31. Kxg2 f5 32. Bd4 b5 33. cxb5 axb5 34. Bb6 Kf7 35. a4 bxa4 36. bxa4 Ke8 37. a5 Kd7 38. a6 Kc8 39. Kf3 h6 40. h4 g6 41. Ke2 Be7 42. Bf2 g5 43. fxg5 hxg5 44. h5 Bf8 45. Kd3 Bh6 46. Kc4 Bg7 47. Kc5 Kc7 48. a7 Bf8+ 49. Kb5 Kb7 50. Kc4 Bh6 51. Bc5 Bg7 52. Kd3 g4 53. Bd4 Bh6 54. Ke2 f4 55. Kf2 Bg7 1/2-1/2

[Event "37th Belgrade Trophy 2024"]
[Site "Belgrade"]
[Date "2024.11.29"]
[Round "7.1"]
[White "Ughuzov, Ravan"]
[Black "Shchekachev, Andrei"]
[Result "1/2-1/2"]
[ECO "B22"]
[WhiteElo "2047"]
[BlackElo "2448"]
[Annotator "TA"]
[PlyCount "24"]
[EventDate "2024.11.23"]
[EventCountry "SRB"]
[SourceTitle "playchess.com"]
[Source "ChessBase"]
[SourceQuality "1"]
[TimeControl "40/5400+30:900+30"]

1. e4 c5 2. c3 Nf6 3. e5 Nd5 4. Nf3 d6 5. Bb5+ Bd7 6. Bc4 e6 7. O-O Nb6 8. Bb3 dxe5 9. Nxe5 Nc6 10. Nxd7 Qxd7 11. Re1 Be7 12. Qf3 Rd8 1/2-1/2

[Event "37th Belgrade Trophy 2024"]
[Site "Belgrade"]
[Date "2024.11.29"]
[Round "7.2"]
[White "Bryakin, Mikhail"]
[Black "Martic, Ivan"]
[Result "1/2-1/2"]
[ECO "A72"]
[WhiteElo "2435"]
[BlackElo "2261"]
[Annotator "TA"]
[PlyCount "49"]
[EventDate "2024.11.23"]
[EventCountry "SRB"]
[SourceTitle "playchess.com"]
[Source "ChessBase"]
[SourceQuality "1"]
[TimeControl "40/5400+30:900+30"]

1. d4 g6 2. c4 Bg7 3. e4 c5 4. d5 d6 5. Nc3 e6 6. Be2 exd5 7. cxd5 Nf6 8. Nf3 O-O 9. Be3 b5 10. e5 $1 (10. Nxb5 Nxe4 11. Nd2 Re8) 10... dxe5 11. Bxb5 {[%emt 0:08:00] White is slightly better.} e4 12. Ne5 Qe7 (12... Nh5 $11 13. Nc6 Nxc6 14. dxc6 (14. Bxc6 Bxc3+ 15. bxc3 Ba6 $16) 14... Qa5) 13. Nc4 $14 Ng4 14. Qe2 (14. Bf4 $14) 14... Nxe3 $15 15. fxe3 Nd7 16. O-O Rb8 $1 17. a4 a6 18. Bc6 Ne5 $36 {[%emt 0:08:16][%mdl 2048] And now ...Bg4 would win. Black has the initiative.} 19. d6 Qh4 {[%emt 0:03:07] Hoping for ...Bg4.} 20. Rf4 {[%emt 0:13:41] The board is on fire.} Qh6 21. Bd5 Nd3 (21... Bf5 $15) 22. Rxe4 {[%emt 0:14:04] [#]} (22. Rxf7 $1 $11 Rxf7 23. Nxe4) 22... Nxb2 $1 23. Rc1 Nxc4 24. Qxc4 {[%emt 0:03:36] [#]} (24. Rxc4 $15 Bd4 (24... Be5 25. h3 $15) 25. Re1) 24... Rb2 $2 (24... Bf5 $1 $17 25. Re7 Be6 26. Qxc5 Rbc8) 25. Re7 $2 {[%emt 0:06:37] Weighted Error Value: White=0.24 (precise) /Black=0.22 (precise) .  Loses game:     	White=1     	---        Mistake:       	White=3     	Black=3      Inaccurate:     	White=1     	---        OK:         	White=3     	Black=8      Best:        	White=3     	---        Strong:       	White=1     	Black=1      Brilliant:      	---       	Black=1} (25. Qxc5 $11 {and White has nothing to worry.} Bf5 26. Re7) 1/2-1/2

[Event "37th Belgrade Trophy 2024"]
[Site "Belgrade"]
[Date "2024.11.29"]
[Round "7.3"]
[White "Stanojoski, Zvonko"]
[Black "Triantafilidis, Mihail"]
[Result "1/2-1/2"]
[ECO "B61"]
[WhiteElo "2401"]
[BlackElo "2200"]
[Annotator "TA"]
[PlyCount "178"]
[EventDate "2024.11.23"]
[EventCountry "SRB"]
[SourceTitle "playchess.com"]
[Source "ChessBase"]
[SourceQuality "1"]
[TimeControl "40/5400+30:900+30"]

1. e4 c5 2. Nf3 d6 3. d4 cxd4 4. Nxd4 Nf6 5. Nc3 Nc6 6. Bg5 Bd7 7. Qd2 Rc8 8. f4 Nxd4 9. Qxd4 Qa5 10. e5 dxe5 11. fxe5 Bc6 12. Bd2 Rd8 13. Qf4 Nd5 14. Nxd5 Qxd5 15. Bc4 Qe4+ 16. Qxe4 Bxe4 17. Bb5+ Bc6 18. Bxc6+ bxc6 19. e6 fxe6 20. Bc3 Rg8 21. O-O g6 22. Rae1 Bg7 23. Bxg7 Rxg7 24. Rxe6 Rd6 25. Re3 Rf7 26. Rxf7 Kxf7 27. Kf1 Rd1+ 28. Ke2 Rg1 29. Kf3 Rb1 30. b3 Rb2 31. Rc3 Rxa2 32. Rxc6 Ke8 33. Rc4 Kd7 34. Ke4 Kd6 35. Kd3 Ra5 36. Rh4 h5 37. g4 Rd5+ 38. Ke3 Re5+ 39. Kf3 Rc5 40. gxh5 gxh5 41. c4 a5 42. Ke3 Rf5 43. Ke4 Rg5 44. Kd4 Rf5 45. Rh3 Rf4+ 46. Ke3 Rf5 47. Ke4 Re5+ 48. Kd4 Rg5 49. Rd3 e6 50. Kc3+ Kc5 51. Rd8 Rf5 52. Rc8+ Kb6 53. Re8 Rf3+ 54. Kb2 a4 55. Rxe6+ Kc5 56. Re5+ Kc6 57. bxa4 Rf2+ 58. Kb3 Rxh2 59. a5 h4 60. a6 Kb6 61. Re6+ Ka7 62. Rh6 h3 63. Kb4 Rh1 64. Kb5 h2 65. Kc5 $1 Ka8 (65... Ra1 66. Rxh2 Rxa6 67. Kb5 Rg6) 66. Rh7 Kb8 (66... Ra1 {simplifies} 67. Rh8+ Ka7 68. Rxh2 Rxa6 69. Kb5 Rg6) 67. Rb7+ Ka8 68. Rb2 Ra1 ({Don't blunder} 68... Ka7 $2 69. Kb5 $18) 69. Rxh2 Rxa6 70. Rb2 Rh6 71. Rb6 Rh4 72. Kb5 Ka7 73. c5 Rh7 74. Ra6+ Kb8 75. Kb6 Rh1 76. Ra2 Rb1+ 77. Kc6 Rh1 78. Rb2+ Ka7 79. Rb7+ Ka6 80. Rd7 Rh6+ 81. Rd6 Rh7 82. Re6 (82. Rd1 $5 Rh6+ $8 83. Rd6 $11) 82... Rg7 83. Rh6 Ka7 84. Rd6 Ka6 85. Rd1 Rg6+ 86. Kd7 Kb5 87. c6 Rg7+ 88. Kd6 Rg6+ 89. Kd7 Rg7+ 1/2-1/2

[Event "37th Belgrade Trophy 2024"]
[Site "Belgrade"]
[Date "2024.11.29"]
[Round "7.4"]
[White "Popovic, Dragan B"]
[Black "Petrovic, Aleksa"]
[Result "0-1"]
[ECO "A07"]
[WhiteElo "2185"]
[BlackElo "2262"]
[Annotator "RC"]
[PlyCount "68"]
[EventDate "2024.11.23"]
[EventCountry "SRB"]
[SourceTitle "playchess.com"]
[Source "ChessBase"]
[SourceQuality "1"]
[TimeControl "40/5400+30:900+30"]

1. g3 d5 2. Nf3 c6 3. Bg2 Bf5 4. O-O e6 5. c4 dxc4 6. a4 Nf6 7. Na3 Bxa3 8. Rxa3 O-O 9. b3 cxb3 10. d3 Nbd7 11. Qxb3 Qc7 12. Bb2 e5 13. Rc1 Rfe8 14. a5 a6 15. Ra4 e4 16. Ng5 Bg6 17. Nxe4 Nxe4 18. dxe4 Rab8 19. f4 b5 20. axb6 Rxb6 21. Qc3 f6 22. Ba3 Bf7 23. Kf1 c5 24. Ra5 c4 25. Qd2 Be6 26. Bf3 Rc8 27. Bb4 Qb8 28. Ba3 Qc7 29. Bb4 Rcb8 30. Ba3 Rb1 31. Rxa6 c3 32. Qc2 Rxc1+ 33. Bxc1 Bb3 34. Qd3 Nc5 0-1

[Event "37th Belgrade Trophy 2024"]
[Site "Belgrade"]
[Date "2024.11.29"]
[Round "7.6"]
[White "Atalik, Suat"]
[Black "Leftheriotis, Alexandros"]
[Result "1-0"]
[ECO "E94"]
[WhiteElo "2420"]
[BlackElo "2165"]
[Annotator "TA"]
[PlyCount "47"]
[EventDate "2024.11.23"]
[EventCountry "SRB"]
[SourceTitle "playchess.com"]
[Source "ChessBase"]
[SourceQuality "1"]
[TimeControl "40/5400+30:900+30"]

1. d4 Nf6 2. c4 g6 3. Nc3 Bg7 4. e4 d6 5. Be2 O-O 6. Nf3 e5 7. O-O exd4 8. Nxd4 Re8 9. f3 c6 10. Bg5 Qb6 11. Kh1 Qxb2 (11... d5 $11) 12. Na4 $1 $16 Qb4 13. Bd2 $1 Qa3 14. Rb1 $1 {[%emt 0:00:39] Bc1 is the strong threat.} Na6 $2 {[%emt 0:05:49] [#]} (14... Qxa2 $2 {too greedy.} 15. Ra1 $18) (14... d5 $16 {is a better defense.}) 15. Bc1 $1 $18 Qxa2 {[%emt 0:00:24] [#]} 16. Bb2 $1 Nc5 17. Ra1 Nxa4 18. Rxa2 Nxb2 19. Rxb2 Nxe4 20. fxe4 c5 {[%emt 0:00:05] [#]} 21. Nb5 $1 Bxb2 22. Nc7 Be6 23. Nxa8 Rxa8 24. Qb3 1-0

[Event "37th Belgrade Trophy 2024"]
[Site "Belgrade"]
[Date "2024.11.29"]
[Round "7.7"]
[White "Jandric, Damjan"]
[Black "Slobodiansky, Steven"]
[Result "1/2-1/2"]
[ECO "C02"]
[WhiteElo "2110"]
[BlackElo "2273"]
[Annotator "RC"]
[PlyCount "76"]
[EventDate "2024.11.23"]
[EventCountry "SRB"]
[SourceTitle "playchess.com"]
[Source "ChessBase"]
[SourceQuality "1"]
[TimeControl "40/5400+30:900+30"]

1. e4 e6 2. d4 d5 3. e5 c5 4. c3 Nc6 5. Nf3 Qb6 6. a3 Nh6 7. Bd3 cxd4 8. cxd4 Nf5 9. Bxf5 exf5 10. O-O Be7 11. Nc3 Be6 12. b4 O-O 13. Be3 Rfc8 14. Na4 Qd8 15. Ne1 Rc7 16. Nd3 Rac8 17. g3 Nb8 18. Nac5 b6 19. Nxe6 fxe6 20. g4 Qf8 21. Qf3 Rc3 22. Rfd1 g5 23. gxf5 Qxf5 24. Qxf5 exf5 25. Rdc1 R8c4 26. Ne1 Nc6 27. Rxc3 Rxc3 28. b5 Na5 29. Rc1 Rc4 30. Rxc4 Nxc4 31. Nc2 Kf7 32. Bc1 Kg6 33. f3 g4 34. Nb4 Bxb4 35. axb4 h5 36. Kf2 h4 37. Kg2 Kh5 38. Kf2 Kg6 1/2-1/2

[Event "37th Belgrade Trophy 2024"]
[Site "Belgrade"]
[Date "2024.11.29"]
[Round "7.8"]
[White "Veleski, Robert"]
[Black "Javadov, Habil"]
[Result "1/2-1/2"]
[ECO "E06"]
[WhiteElo "2093"]
[BlackElo "2190"]
[Annotator "RC"]
[PlyCount "44"]
[EventDate "2024.11.23"]
[EventCountry "SRB"]
[SourceTitle "playchess.com"]
[Source "ChessBase"]
[SourceQuality "1"]
[TimeControl "40/5400+30:900+30"]

1. d4 e6 2. Nf3 d5 3. c4 Nf6 4. g3 Be7 5. Bg2 O-O 6. O-O c6 7. Nc3 b6 8. Ne5 Ba6 9. cxd5 cxd5 10. Bf4 Nfd7 11. Rc1 Nxe5 12. Bxe5 Nd7 13. Qa4 Bb7 14. Bc7 Qe8 15. Nb5 Nf6 16. Qb3 Bc6 17. a4 Qd7 18. Bf4 Rac8 19. Nc3 Nh5 20. Bd2 Nf6 21. Rc2 Nh5 22. Bf4 f6 1/2-1/2

[Event "37th Belgrade Trophy 2024"]
[Site "Belgrade"]
[Date "2024.11.29"]
[Round "7.9"]
[White "Baghdasaryan, Davit"]
[Black "Khaleev, Timofey D"]
[Result "1-0"]
[ECO "B27"]
[WhiteElo "2121"]
[BlackElo "1743"]
[Annotator "RC"]
[PlyCount "151"]
[EventDate "2024.11.23"]
[EventCountry "SRB"]
[SourceTitle "playchess.com"]
[Source "ChessBase"]
[SourceQuality "1"]
[TimeControl "40/5400+30:900+30"]

1. e4 c5 2. Nf3 g6 3. d4 cxd4 4. Qxd4 Nf6 5. Nc3 Nc6 6. Qa4 d6 7. e5 dxe5 8. Nxe5 Bd7 9. Nxd7 Qxd7 10. Be3 Bg7 11. Rd1 Qc8 12. Be2 O-O 13. O-O Qf5 14. Bf3 h5 15. Nd5 Nxd5 16. Rxd5 Ne5 17. Be4 Qe6 18. Rb5 Ng4 19. Bf4 Rad8 20. c3 b6 21. h3 Nf6 22. Bf3 Rd3 23. Re5 Qc8 24. Be2 Qd7 25. Qa6 Rd5 26. Bb5 Qc8 27. Qxc8 Rxc8 28. c4 Rxe5 29. Bxe5 Rd8 30. b4 Rd2 31. a4 Ne4 32. Bxg7 Kxg7 33. Re1 Nxf2 34. Rxe7 Nd3 35. Rd7 Rd1+ 36. Kh2 Nf2 37. Rxa7 h4 38. g3 Rd2 39. gxh4 Nd3+ 40. Kg3 Nxb4 41. Be8 Rd3+ 42. Kg2 Rd6 43. Bxf7 Kf6 44. h5 Rd2+ 45. Kf1 gxh5 46. Bxh5 Kg5 47. Be2 Ra2 48. Rb7 Rxa4 49. Rxb6 Nc2 50. c5 Rf4+ 51. Kg1 Nd4 52. Bd1 Rf5 53. Rb4 Nc6 54. Rc4 Rf4 55. Rxf4 Kxf4 56. Kf2 Nb4 57. Be2 Ke4 58. h4 Kf5 59. Ke3 Nd5+ 60. Kd4 Nf4 61. Bc4 Kg4 62. c6 Ng6 63. c7 Ne7 64. Ke5 Kxh4 65. Kf6 Nc8 66. Ke6 Kg5 67. Ba6 Na7 68. Kd6 Kf6 69. Bc4 Kf5 70. Kc5 Ke5 71. Kb6 Nc8+ 72. Kc6 Nd6 73. Bb3 Nc8 74. Bd1 Kd4 75. Bg4 Na7+ 76. Kb6 1-0